 Dungeon Crawl Stone Soup version 0.31-a0-232-gb1c03b2570 (webtiles) character file.

Game seed: 5765870003518475192

16 qw the Shooter (level 2, 0/24 HPs)
             Began as a Minotaur Hexslinger on July 6, 2023.
             Slain by a gnoll
             ... wielding a +0 spear
              (2 damage)
             ... on level 2 of the Dungeon.
             The game lasted 00:00:15 (894 turns).

qw the Shooter (Minotaur Hexslinger)                 Turns: 894, Time: 00:00:16

Health: 0/24       AC:  5    Str: 12    XL:     2   Next: 41%
Magic:  2/2        EV: 10    Int: 10    God:
Gold:   39         SH:  0    Dex: 12    Spells: 2/3 levels left

rFire   . . .        Y - +2 sling
rCold   . . .        (no shield)
rNeg    . . .        h - +0 ring mail
rPois   .            (helmet restricted)
rElec   .            (no cloak)
rCorr   +            (no gloves)
SInv    .            (no boots)
Will    .....        (no amulet)
Stlth   +            k - ring of resist corrosion
HPRegen 0.24/turn    (no ring)
MPRegen 0.08/turn

%: no passive effects
@: no status effects
A: horns 2, retaliatory headbutt
a: no special abilities


You were on level 2 of the Dungeon.
You visited 1 branch of the dungeon, and saw 2 of its levels.

You collected 39 gold pieces.


Innate Abilities, Weirdness & Mutations

You have a pair of horns on your head.
You reflexively headbutt those who attack you in melee.


   Skills:
 - Level 2.0 Fighting
 + Level 3.1 Ranged Weapons
 - Level 2.1 Dodging
 - Level 1.0 Spellcasting
 - Level 2.0 Hexes


You had 2 spell levels left.
You knew the following spells:

 Your Spells              Type           Power      Damage    Failure   Level
a - Slow                  Hex            16%        N/A       34%         1

Your spell library contained the following spells:

 Spells                   Type           Power      Damage    Failure   Level
 Inner Flame              Hex/Fire       2%         N/A       83%         3
 Portal Projectile        Hex/Tloc       4%         N/A       83%         3
 Cause Fear               Hex            2%         N/A       98%         4

Inventory:

Hand Weapons
 Y - a +2 sling (weapon)
Armour
 h - a +0 ring mail (worn)
Jewellery
 k - a ring of resist corrosion (left hand)
Scrolls
 a - a scroll of teleportation
 g - a scroll of identify
Potions
 i - a potion of brilliance {unknown}
 l - a potion of heal wounds {unknown}

Dungeon Overview and Level Annotations

Branches:
Dungeon (2/15)

Altars:


Message History

The ball python bites you but does no damage.
The ball python constricts you.
You shoot a sling bullet. The sling bullet hits the ball python!
You kill the ball python!
You start resting.
HP restored.
You see here a ball python corpse.
A gnoll comes into view. It is wielding a +0 spear.
The gnoll shouts!
The gnoll moves out of view.
A gnoll comes into view. It is wielding a +0 halberd.
You shoot a sling bullet. The sling bullet hits the gnoll.
The gnoll is heavily wounded.
You hear a shout!
A gnoll comes into view. It is wielding a +0 club.
You shoot a sling bullet.
The sling bullet hits the gnoll but does no damage.
A giant cockroach comes into view.
The gnoll barely misses you.
You shoot a sling bullet.
The sling bullet barely misses the gnoll.
The gnoll hits you from afar with a +0 spear.
You shoot a sling bullet. The sling bullet hits the gnoll!
The gnoll is heavily wounded.
The gnoll misses you.
You shoot a sling bullet.
The sling bullet closely misses the gnoll.
The sling bullet hits the gnoll.
The gnoll is almost dead.
The gnoll hits you from afar with a +0 halberd!
Ouch! That really hurt!
You shoot a sling bullet. The sling bullet hits the gnoll.
The gnoll is severely wounded.
The gnoll barely misses you.
You shoot a sling bullet.
The sling bullet closely misses the gnoll.
The gnoll closely misses you. The gnoll barely misses you.
The gnoll hits you from afar with a +0 halberd!
The gnoll hits you from afar with a +0 spear.
You die...

#.#.# #.#.# .
#.#.# .. #.#.#
.. #.# #. #.#
###.g#######.#
#.#
.....g.......#
######.##
#...g.@.#
#.......#
....#B##.#
#%####### . #
#.# #.# #.#
#.# #.# #.#
#.# #.# #.#
#.# #.# #.#
#.# #.#


You could see 3 gnolls and a giant cockroach.

Vanquished Creatures
  A dart slug (D:1)
  An endoplasm (D:1)
  A giant cockroach (D:1)
  2 goblins (D:1)
  2 hobgoblins (D:1)
  2 ball pythons
  2 bats (D:1)
  A frilled lizard (D:1)
  A kobold (D:1)
  2 rats (D:1)
15 creatures vanquished.

Notes
Turn   | Place    | Note
-------+----------+-------------------------------------------
     0 | D:1      | qw the Minotaur Hexslinger began the quest for the Orb.
     0 | D:1      | Reached XP level 1. HP: 16/16 MP: 1/1
     0 | D:1      | 0 ||| qw: Version: 0.3-a-46-gb1f654a
     0 | D:1      | 0 ||| qw: Game counter: 2057
     0 | D:1      | 0 ||| qw: Melee chars always use a shield: true
     0 | D:1      | 0 ||| qw: God list: Okawaru
     0 | D:1      | 0 ||| qw: Allow faded altars: false
     0 | D:1      | 0 ||| qw: Do Orc after clearing Dungeon:15 true
     0 | D:1      | 0 ||| qw: Do second Lair branch before Depths: true
     0 | D:1      | 0 ||| qw: Lair rune preference: random
     0 | D:1      | 0 ||| qw: Goals: Normal
     0 | D:1      | 0 ||| PLANNING D:1-11
    58 | D:1      | HP: 4/16 [giant cockroach (1)]
   223 | D:1      | Reached skill level 3 in Ranged Weapons
   260 | D:1      | Reached XP level 2. HP: 23/23 MP: 2/2
   720 | D:1      | 720 ||| UPGRADING to +0 leather armour.
   730 | D:1      | 730 ||| DROPPING +0 robe.
   731 | D:1      | 731 ||| UPGRADING to +0 ring mail.
   741 | D:1      | 741 ||| DROPPING +0 leather armour.
   742 | D:1      | 742 ||| UPGRADING to ring of resist corrosion.
   743 | D:1      | 743 ||| READING 2 scrolls labelled UCAT FEB OROYFF.
   746 | D:1      | 746 ||| READING scroll labelled ULA WAAMNOAD.
   747 | D:1      | 747 ||| READING 2 scrolls labelled ZEORING XIOS.
   748 | D:1      | 748 ||| READING scroll labelled ATHROKO TUMMIN.
   749 | D:1      | 749 ||| DROPPING scroll of poison.
   894 | D:2      | HP: 2/24 [gnoll/+0 halberd (8)]
   894 | D:2      | Slain by a gnoll

Levels and vault maps discovered:
D:1:      ldierk_walled_garden_2, layout_loops_cross
D:2:      layout_basic, minmay_misc_feat_secret_circle

Skill      XL: |  1  2 |
---------------+-------+-----
Ranged Weapons | 3 |  3.1
Fighting       | 2 |  2.0
Dodging        | |  2.1
Spellcasting   | |  1.0
Hexes          | |  2.0

Action                     || total
---------------------------++-------
   Fire: Sling             ||    45
    Use: Scroll            ||     4
 Armour: Robe              ||     2
         Ring mail         ||     1
  Dodge: Dodged            ||    18

Table legend:
 A = Non-vault XP
 B = Vault XP
 C = Vault XP percentage of total XP
 D = Non-vault monster count
 E = Vault monster count
 F = Vault count percentage of total count
                 A         B        C        D         E       F
            +---------+---------+-------+---------+---------+-------
      Total |      24 |       0 |   0.0 |      15 |       0 |   0.0
            +---------+---------+-------+---------+---------+-------
        D:1 |      23 |       0 |   0.0 |      14 |       0 |   0.0
        D:2 |       1 |       0 |   0.0 |       1 |       0 |   0.0
            +---------+---------+-------+---------+---------+-------
